 Dungeon Crawl Stone Soup version 0.30-a0-381-g6ea064c7b4 (webtiles) character file.

Game seed: 5302948462551248221

2223 NinjaNoafa the Skirmisher (level 9, -16/41 HPs)
             Began as a Spriggan Hunter on Dec 1, 2022.
             Was an Initiate of Gozag.
             Killed from afar by Maggie (28 damage)
             ... with a bolt of fire
             ... on level 7 of the Dungeon.
             The game lasted 00:17:32 (6302 turns).

NinjaNoafa the Skirmisher (Spriggan Hunter)         Turns: 6302, Time: 00:17:33

Health: -16/41     AC: 12    Str:  7    XL:     9   Next: 13%
Magic:  10/10      EV: 18    Int: 10    God:    Gozag
Gold:   198        SH:  0    Dex: 23    Spells: 8/8 levels left

rFire   . . .      SeeInvis +    d - +2 short sword (protect)
rCold   + . .      Faith    .    (no shield)
rNeg    . . .      Spirit   .    G - +0 robe {Archmagi}
rPois   +          Reflect  .    (helmet restricted)
rElec   .          Harm     .    s - +2 cloak {rPois}
rCorr   +          Rampage  .    (gloves unavailable)
Will    +....      Archmagi +    (boots unavailable)
Stlth   ++........               m - amulet of magic regeneration
HPRegen 0.26/turn                i - ring of resist corrosion
MPRegen 0.52/turn                y - ring of protection from cold

@: gold aura, under a protective aura, mesmerised, very quick
A: very small, no large weapons, unfitting armour, see invisible, speed 3
a: Renounce Religion, Potion Petition, Call Merchant, Bribe Branch


You were on level 7 of the Dungeon.
You worshipped Gozag.
Gozag was aware of your devotion.
You visited 2 branches of the dungeon, and saw 8 of its levels.

You collected 768 gold pieces.
You spent 507 gold pieces at shops.
You paid 63 gold pieces to Gozag.

Inventory:

Hand Weapons
 a - a +0 shortbow
 d - a +2 short sword of protection (weapon)
 x - a +2 short sword of venom
Missiles
 e - 59 stones
 j - 4 poisoned darts
Armour
 s - a +2 cloak of poison resistance (worn)
 G - a +0 robe of the Archmagi (worn)
Jewellery
 i - a ring of resist corrosion (left hand)
 m - an amulet of magic regeneration (around neck)
 w - a ring of fire
 y - a ring of protection from cold (right hand)
Scrolls
 b - 2 scrolls of enchant weapon
 c - a scroll of fog {unknown}
 f - a scroll of summoning
 g - 4 scrolls of enchant armour
 h - 2 scrolls of teleportation
 l - 3 scrolls of poison
 q - a scroll of magic mapping
 u - 2 scrolls of fear
 D - a scroll of blinking
 E - a scroll of immolation
 F - a scroll of identify
Potions
 k - 3 potions of curing
 n - 5 potions of heal wounds
 o - 2 potions of ambrosia
 p - a potion of degeneration
 r - a potion of berserk rage
 t - a potion of attraction {unknown}
 v - a potion of magic {unknown}
 z - a potion of flight {unknown}
 A - a potion of might {unknown}
 B - 2 potions of resistance
 C - a potion of mutation {unknown}


   Skills:
 - Level 1.5 Fighting
 + Level 12.7 Ranged Weapons
 - Level 2.6 Dodging
 - Level 1.5 Stealth


You had 8 spell levels left.
You didn't know any spells.
Your spell library contained the following spells:

 Spells                   Type           Power      Damage    Failure   Level
 Apportation              Tloc           0%         N/A       36%         1
 Foxfire                  Conj/Fire      0%         2x1d4     36%         1
 Necrotise                Necr           0%         1d4       36%         1
 Summon Small Mammal      Summ           0%         N/A       36%         1
 Sublimation of Blood     Necr           0%         N/A       50%         2
 Ignite Poison            Fire/Tmut/Pois 0%         N/A       75%         3
 Petrify                  Tmut/Erth      0%         N/A       98%         4
 Sticky Flame             Conj/Fire      0%         2d3       98%         4
 Fireball                 Conj/Fire      0%         3d3       100%        5
 Irradiate                Conj/Tmut      0%         3d11      100%        5
 Starburst                Conj/Fire      0%         6d3       100%        6
 Ignition                 Fire           0%         3d3       100%        8


Dungeon Overview and Level Annotations

Branches:
Dungeon (7/15)             Temple (1/1) D:4

Altars:
Ashenzari
Cheibriados
Dithmenos
Elyvilon
Fedhas
Gozag
Kikubaaqudgha
Nemelex Xobeh
Okawaru
Qazlal
Sif Muna
Trog
Uskayaw
Vehumet
Wu Jian
Xom
Yredelemnul
Zin
The Shining One

Shops:
D:4 [   D:6 ?

Annotations:
D:6 4 transporters, pigah's ghost, novice OpWn
D:7 Maggie


Innate Abilities, Weirdness & Mutations

You are very small and have problems with some larger weapons.
You are too small for most types of armour.
You have supernaturally acute eyesight. (SInv)
You cover ground extremely quickly. (Speed+++)


Message History

You shoot an arrow. The arrow hits the orc.
The orc is almost dead.
You shoot an arrow. The arrow barely misses the orc.
You hear a shout!
Maggie the Vainglorious comes into view.
She is wielding a +0 vorpal halberd.
You shoot an arrow. The arrow hits the orc.
You kill the orc!
Maggie gestures wildly while chanting.
Maggie attempts to bespell you! You resist with almost no effort.
You shoot an arrow. The arrow hits Maggie!
Maggie is lightly wounded.
You shoot an arrow. The arrow hits Maggie.
Maggie is moderately wounded.
You shoot an arrow. The arrow completely misses Maggie.
Maggie casts a spell.
Maggie attempts to bespell you!
You are mesmerised by Maggie!
You shoot an arrow. The arrow hits Maggie!
Maggie is moderately wounded.
You shoot an arrow. The arrow hits Maggie!
Maggie is heavily wounded.
You shoot an arrow. The arrow hits Maggie.
Maggie is heavily wounded.
Your +2 short sword of protection hums with potential!
d - a +2 short sword of protection (weapon)
Maggie closely misses you.
Things that are here:
5 gold pieces; a +0 dagger Maggie points at you and mumbles some strange words.
The bolt of fire hits you!!
Ouch! That really hurt!
* * * LOW HITPOINT WARNING * * *
You hit Maggie.
Your weapon exudes an aura of protection.
Maggie is severely wounded.
Maggie casts a spell at you. The bolt of fire hits you!!
Ouch! That really hurt!
You die...
Your body crumbles into a pile of gold.

..# .## .. ..+ ...
#...... ..# ..#
#.....####.#...#
#..........#...###
##..........#......
+..........@.......
#.........@..#.#
#......###$###.#
#......# #.###.##
#..###.###......#####
#. #....#####..#...#
###..##..#.###.#..#.#.#
..........)....)..#.#.#
#######.##..........#.#
#.######....)...#


You could see Maggie (mesmerising).

Vanquished Creatures
  Sigmund (D:6)
  Duvessa (D:5)
  An orc warrior (D:6)
  A sky beast (D:6)
  2 black bears (D:5)
  2 ogres
  A centaur (D:6)
  2 necrophages (D:6)
  Blork the orc (D:5)
  A scorpion (D:6)
  11 wights
  Dowan (D:5)
  2 howler monkeys (D:6)
  2 hounds
  3 orc priests (D:5)
  2 iguanas (D:5)
  7 adders
  7 gnolls
  A white imp (D:5)
  An ufetubus (D:6)
  2 dart slugs
  13 orcs
  7 ball pythons
  2 bats (D:2)
  9 endoplasms
  A giant cockroach (D:3)
  5 goblins
  7 hobgoblins
  3 jackals (D:2)
  3 quokkas
  2 frilled lizards
  2 kobolds (D:2)
  3 rats
109 creatures vanquished.

Notes
Turn   | Place    | Note
-------+----------+-------------------------------------------
     0 | D:1      | NinjaNoafa the Spriggan Hunter began the quest for the Orb.
     0 | D:1      | Reached XP level 1. HP: 10/10 MP: 2/2
   305 | D:1      | Reached XP level 2. HP: 14/14 MP: 3/3
   827 | D:2      | Reached skill level 5 in Ranged Weapons
   827 | D:2      | Reached XP level 3. HP: 18/18 MP: 4/4
   863 | D:2      | Identified the +5 hand axe of Exceptional Honour {freeze,
                  | Will+ Str+3}
  1945 | D:3      | Reached XP level 4. HP: 22/22 MP: 5/5
  2174 | D:4      | Found a staircase to the Ecumenical Temple.
  2191 | Temple   | Entered the Ecumenical Temple
  2211 | Temple   | Became a worshipper of Gozag Ym Sagoz the Greedy
  2294 | D:4      | Found Ibrutoviu's Antique Armour Emporium.
  2358 | D:4      | Reached skill level 6 in Ranged Weapons
  2614 | D:4      | Bought a glowing cloak for 202 gold pieces
  2835 | D:5      | Entered Level 5 of the Dungeon
  2883 | D:5      | Noticed Duvessa
  2883 | D:5      | Noticed Dowan
  3063 | D:5      | Reached XP level 5. HP: 25/25 MP: 6/6
  3168 | D:5      | Noticed an ogre
  3201 | D:5      | Killed an ogre
  3202 | D:5      | Reached skill level 7 in Ranged Weapons
  3235 | D:5      | Reached XP level 6. HP: 24/30 MP: 7/7
  3347 | D:5      | Reached skill level 8 in Ranged Weapons
  3464 | D:5      | Reached XP level 7. HP: 33/33 MP: 8/8
  3905 | D:5      | Found an ornate altar of the Wu Jian Council.
  4003 | D:5      | Reached skill level 9 in Ranged Weapons
  4283 | D:6      | Noticed Blork the orc
  4308 | D:5      | Killed Blork the orc
  4606 | D:5      | Killed Duvessa
  4607 | D:5      | Killed Dowan
  4608 | D:5      | Reached skill level 10 in Ranged Weapons
  4736 | D:5      | Reached XP level 8. HP: 29/37 MP: 9/9
  4848 | D:5      | Found a white marble altar of Elyvilon.
  4910 | D:5      | Found an iron altar of Okawaru.
  5025 | D:6      | Noticed Sigmund
  5039 | D:6      | Found a transporter.
  5046 | D:6      | Killed Sigmund
  5047 | D:6      | Reached skill level 11 in Ranged Weapons
  5160 | D:6      | Reached skill level 12 in Ranged Weapons
  5397 | D:6      | Found Elam's Magic Scroll Emporium.
  5427 | D:6      | Reached XP level 9. HP: 14/41 MP: 10/10
  5624 | D:6      | Bought a scroll of enchant weapon for 75 gold pieces
  5624 | D:6      | Bought a scroll of enchant weapon for 75 gold pieces
  5624 | D:6      | Bought a scroll of identify for 20 gold pieces
  5624 | D:6      | Bought a scroll of enchant armour for 75 gold pieces
  5624 | D:6      | Bought a scroll of identify for 20 gold pieces
  5624 | D:6      | Bought a scroll of immolation for 40 gold pieces
  5722 | D:6      | Found a transporter.
  5740 | D:6      | Found a stormy altar of Qazlal.
  5874 | D:6      | Found a transporter.
  5950 | D:6      | Found a transporter.
  5983 | D:6      | Noticed pigah's ghost (novice OpWn)
  6291 | D:7      | Noticed Maggie
  6302 | D:7      | Killed from afar by Maggie

Illustrated notes

Levels and vault maps discovered:
D:1:      dpeg_arrival_water_temple_mockup, layout_loops_ring
D:2:      layout_basic, kennysheep_cross_bottleneck
D:3:      layout_loops_cross
D:4:      layout_basic, minmay_temple_entry_offerings, serial_shops,
          nicolae_shop_overgrown_old_shop
D:5:      layout_basic, nicolae_overflow_hidden_temple, minmay_door_square,
          uniq_duvessa
D:6:      gammafunk_cloud_chamber, layout_cave_pools,
          nicolae_qazlal_eye_of_the_storm, serial_shops, nicolae_lakefront_shop,
          gammafunk_ghost_stat_death, uniq_blork_the_orc, uniq_sigmund
D:7:      layout_basic, minitemple, uniq_maggie
Temple:   hellmonk_temple_two_chambers

Skill      XL: |  1  2  3  4  5  6  7  8 |
---------------+-------------------------+-----
Ranged Weapons | 5 6 7 8 10 12 | 12.7
Fighting       | |  1.5
Dodging        | |  2.6
Stealth        | |  1.5

Action                   |  1- 3 |  4- 6 |  7- 9 || total
-------------------------+-------+-------+-------++-------
Melee: Short sword       |       |     3 |    25 ||    28
 Fire: Shortbow          |   100 |   113 |   210 ||   423
  Use: Scroll            |       |       |    15 ||    15
Armor: Robe              |       |     1 |    19 ||    20
Dodge: Dodged            |    13 |     8 |    73 ||    94

Table legend: (Time is in decaauts)
 A = Elapsed time spent in this place.
 B = Non-inter-level travel time spent in this place.
 C = Inter-level travel time spent in this place.
 D = Time resting spent in this place.
 E = Time spent auto-exploring this place.
 F = Levels seen in this place.
 G = Mean time per level.
                   A        B        C        D        E       F      G
               +--------+--------+--------+--------+--------+-----+--------+
         Total |   4350 |   3971 |    379 |     44 |   2595 |   8 |  543.8 |
       Dungeon |   4334 |   3958 |    376 |     44 |   2589 |   7 |  619.1 |
        Temple |     16 |     14 |      2 |      0 |      6 |   1 |   16.0 |
               +--------+--------+--------+--------+--------+-----+--------+

Top non-repeatable levels by time:
     D:5: 1530 daAuts
     D:6: 844 daAuts
     D:4: 553 daAuts
     D:2: 504 daAuts
     D:1: 418 daAuts
     D:3: 401 daAuts
     D:7: 81 daAuts
  Temple: 16 daAuts
